Description

This is Classic's version of the Blink opening for PvT. He is considered to be the best at this style. The build was pulled from a game against uThermal. Early chronos: two on probes, chrono the first Stalker, and then chrono Blink.

If you like the style, you can watch PiG coach a Master's 1 player using the same build or something very similar. The recording can be found on PiG's Youtube archive.

Replay - Classic v uThermal: Game 1 - Acid Plant LE

Build Order

Get SALT Encoding   

  14  0:17  Pylon  
  15  0:37  Gateway  
  16  0:46  Assimilator  
  19  1:15  Probe  
  20  1:22  Nexus  
  20  1:32  Cybernetics Core  
  21  1:43  Assimilator  
  21  1:53  Pylon  
  23  2:08  Stalker (Chrono Boost)  
  23  2:09  Warp Gate  
  26  2:22  Twilight Council  
  27  2:31  Stalker  
  33  2:52  Blink (Chrono Boost)  
  37  3:06  Stalker  
  39  3:18  Shield Battery  
  41  3:22  Gateway  
  42  3:31  Gateway  
  43  3:37  Pylon  
  43  3:40  Stalker  
  45  3:48  Assimilator  
  46  3:53  Robotics Facility  
  47  4:01  Pylon  
  50  4:20  Stalker x2  
  54  4:27  Stalker  
  56  4:31  Pylon  
  56  4:41  Nexus  
  58  4:49  Forge x2  
  58  4:54  Charge  
  58  4:56  Observer  
  63  5:14  Protoss Ground Armor Level 1 (Chrono Boost)  
  63  5:19  Protoss Ground Weapons Level 1 (Chrono Boost)  
  65  5:29  Gateway x3  
  65  5:30  Observer  
  68  5:37  Gateway x2  
  70  5:43  Sentry x2  
  70  5:47  Zealot  
  79  6:02  Warp Prism  
  84  6:15  Assimilator x2  
  87  6:35  Zealot x8  
  97  6:40  Immortal (Chrono Boost)  
  101  6:55  Protoss Ground Weapons Level 2 (Chrono Boost)  
  101  6:57  Protoss Ground Armor Level 2 (Chrono Boost)  
  101  7:00  Assimilator  
  101  7:07  Zealot  
  108  7:08  Stalker x3  
  118  7:17  Templar Archives  
Spawning Tool Build Advisor. Get it on Overwolf

Analysis

This is a standard macro build. It gets a shield battery at the natural in case of cyclone aggression. You could cut the shield battery if the Terran is opening passively.

Go to:

Details

  • Created by: DonJimbo
  • Published on: Aug 30, 2018
  • Modified on: Nov 12, 2018
  • Patch: 4.0.0
Show
View Real Time Build Order
Export as new Build Order

Comments (2)

On Nov. 12, 2018, 9:35 p.m., DonJimbo  said:

You're probably right. Also, I think it was a meta-game thing at the time to use cyclones with hellions to runby. So he gets the shield battery and the wall.

On Nov. 9, 2018, 11:56 p.m., Hindrance  said:

I saw the game, in what way did he "scout aggression"? The only things he saw was a reaper, his stalkers didn't leave his base before the shield battery. The map does not have a ramp at the natural, I think thats more of a trigger.

Create an account to comment!